AoeStats
← KG4T. anolfo.xxx

Arena

504590254Analyzed
1v1 RM · 25d ago on Sep 5, 2026· 34m 30s· 2 players
Game mode
Random Map
Map size
Tiny (2 player)
Population
200
Speed
Normal
Resources
Standard
Victory
Conquest
Starting age
Dark Age
Ending age
Imperial Age
RankedLock teamsTeams togetherTeam positionsShared explorationLock speedFull tech treeHidden civsTurbo modeCheats
Victory
Defeat
🇦🇷 Mongols · Argentina
1082
+17
🇵🇪 Bohemians · Peru
1111
-17
Joseph Stalin
11:18 Feudal Age
14:50 Castle Age
13:09 Loom
13:11 Double-Bit Axe
13:38 Fletching
21:48 Bow Saw
22:17 Bodkin Arrow
28:37 Imperial Age
29:23 Bracer
30:03 Ballistics
31:18 Chemistry
33:30 Conscription
34:29 Padded Archer Armor
KG4T. anolfo.xxx
10:41 Feudal Age
15:16 Castle Age
15:48 Loom
19:45 Horse Collar
20:13 Double-Bit Axe
21:30 Bow Saw
23:11 Heavy Plow
24:16 Wheelbarrow
23:44 Fletching
26:59 Masonry
28:57 Chemistry
31:38 Imperial Age
30:13 Fortified Wall
31:45 Padded Archer Armor
31:41 Bodkin Arrow
31:43 Elite Skirmisher
Connection lost

Rejoining the realm…

Still unreachable

The connection could not be restored.

Session expired

The server has moved on; the page needs a fresh start.